 Dungeon Crawl Stone Soup version 0.16.1-4-g8e1b745 (webtiles) character file.

9364 Fluffy the Cleaver (level 11, -4/101 HPs)
             Began as a Hill Orc Fighter on Mar 26, 2015.
             Was a Believer of Qazlal.
             Slain by a white ugly thing (13 damage)
             ... on level 11 of the Dungeon.
             The game lasted 00:38:57 (11220 turns).

Fluffy the Cleaver (Hill Orc Fighter)              Turns: 11220, Time: 00:38:58

Health: -4/101     AC: 16    Str: 26    XL:     11   Next: 45%
Magic:  22/22      EV:  7    Int:  8    God:    Qazlal [**....]
Gold:   725        SH: 13    Dex: 10    Spells: 0 memorised, 10 levels left

rFire  . . .     SeeInvis .     J - +0 broad axe (chaos)
rCold  + . .     Clarity  .     L - +3 scale mail {rC+}
rNeg   . . .     SustAb   +     c - +0 shield
rPois  .         Gourm    .     p - +1 helmet
rElec  .         Spirit   .     n - +1 cloak
rCorr  .         Warding  .     (no gloves)
rMut   .         Stasis   .     (no boots)
MR     +....                    (no amulet)
Stlth  ..........               k - ring of sustain abilities
                                f - ring of protection from magic

@: mighty, lethally poisoned (-4 -> -11), somewhat resistant to hostile
enchantments, extremely unstealthy
A: hooves 1, mutation resistance 1, weak 1, placid magic 1
a: Upheaval, Renounce Religion


You were on level 11 of the Dungeon.
You worshipped Qazlal.
Qazlal was pleased with you.
You were not hungry.

You visited 2 branches of the dungeon, and saw 12 of its levels.
You also visited: Ossuary.

You collected 725 gold pieces.

Inventory:

Hand weapons
 G - a +5 flail of protection
 J - a +0 broad axe of chaos (weapon)
 K - a +1 hand axe of flaming
Armour
 c - a +0 shield (worn)
 n - a +1 cloak (worn)
 p - a +1 helmet (worn)
 L - a +3 scale mail of cold resistance (worn)
Jewellery
 f - a ring of protection from magic (left hand)
 k - a ring of sustain abilities (right hand)
 N - an uncursed ring of ice
Magical devices
 w - a wand of digging (17)
 B - a wand of slowing (30)
 E - a wand of frost (25)
 H - a wand of enslavement (13)
 I - a wand of draining (0)
 O - a wand of disintegration (6)
Scrolls
 a - a scroll of magic mapping
 g - 2 scrolls of remove curse
 h - a scroll of enchant weapon
 r - a scroll of blinking
 y - 2 scrolls of fear
 C - 2 scrolls of enchant armour
 D - 2 scrolls of fog
Potions
 b - a potion of mutation
 e - 4 potions of might
 i - 7 potions of haste
 j - 2 potions of brilliance
 l - 4 potions of heal wounds
 m - 6 potions of curing
 q - 3 potions of restore abilities
 v - 2 potions of agility
 x - a potion of invisibility {unknown}
 A - a potion of berserk rage {unknown}
 F - 4 potions of cancellation {unknown}
Comestibles
 d - 6 meat rations
 o - 9 bread rations
 s - 10 fruits
 t - 6 beef jerkies
 u - 2 royal jellies
 z - 9 slices of pizza


   Skills:
 + Level 10.5 Fighting
 + Level 14.8 Axes
 + Level 9.5 Armour
 - Level 3.2 Shields
 + Level 7.7 Invocations


You had 10 spell levels left.
You didn't know any spells.

Dungeon Overview and Level Annotations

Branches:
Dungeon (11/15)            Temple (1/1) D:7             Orc (0/4) D:10
   Lair: D:8-11

Altars:
Ashenzari
Cheibriados
Dithmenos
Elyvilon
Fedhas
Gozag
Kikubaaqudgha
Makhleb
Nemelex Xobeh
Okawaru
Qazlal
Ru
Sif Muna
Trog
Vehumet
Xom
Yredelemnul
Zin
The Shining One

Shops:
D:5 !   D:6 [   D:7 [   D:8 %

Annotations:
D:11 Nessos


Innate Abilities, Weirdness & Mutations

You have large cloven feet.
You are somewhat resistant to further mutation.
You are weak. (Str -2)
Your spells are a little easier to cast, but a little less powerful.


Message History

The white ugly thing is moderately wounded.
You feel sick.
Nessos blinks!
You block the white ugly thing's attack.
You barely miss the white ugly thing.
The white ugly thing is moderately wounded.
You feel sick.
The white ugly thing is engulfed in roaring flames.
You block the white ugly thing's attack.
Your shield and scale mail prevent you from hitting the white ugly thing.
You kick the white ugly thing.
The white ugly thing is heavily wounded.
You feel sick.
Your shield and scale mail prevent you from hitting the white ugly thing.
The white ugly thing is heavily wounded.
You feel sick.
The white ugly thing is engulfed in roaring flames.
The white ugly thing pecks you!
* * * LOW HITPOINT WARNING * * *
The white ugly thing freezes you! You resist.
You die...

# ..#### # .#....# ##
........#################.
.......5u@((.>(...(......[
........c################.
#........# #.
...............# ##)
......>.#####[# ####.)
........# ##.()[#
#........ #####..####
#....### #..<..## ###.
#.#####


You could see Nessos, a white ugly thing and a quasit.

Vanquished Creatures
  Erica (D:11)
  The ghost of puimuR the Grappler, an experienced TrAM (D:10)
  2 hill giants
  Pikel (D:7)
  Joseph (D:11)
  A two-headed ogre (D:8)
  Prince Ribbit (D:7)
  A troll (D:9)
  A wraith (D:10)
  4 wolves (D:11)
  Eustachio (D:7)
  A hippogriff (D:8)
  Grum (D:11)
  A human (D:7)
  A water moccasin (D:5)
  Edmund (D:4)
  2 sky beasts
  4 orc warriors
  2 black bears
  A necrophage (D:10)
  2 scorpions
  2 phantoms
  2 centaurs (D:9)
  5 ogres
  3 ice beasts
  The ghost of Ladykiller69 the Charmwright, an average HESk (D:3)
  4 giant frogs
  3 big kobolds
  Blork the orc (D:6)
  5 water moccasin zombies (Ossuary)
  A gnoll sergeant (D:8)
  A jelly (D:5)
  3 killer bees (D:7)
  4 wights (D:10)
  A goliath beetle (D:7)
  A crimson imp (D:5)
  A quasit (D:7)
  2 hounds
  A gnoll shaman (D:7)
  7 orc priests
  2 centaur skeletons
  A giant frog skeleton (D:10)
  9 orc wizards
  An iguana (D:9)
  10 worker ants
  4 sheep (D:7)
  3 big kobold zombies (Ossuary)
  4 mummies
  A worker ant zombie (D:8)
  6 adders
  8 gnolls
  A river rat (D:7)
  3 shadow imps
  4 giant mites
  2 worms (D:2)
  6 adder zombies (Ossuary)
  2 adder skeletons
  5 giant geckos
  30 orcs
  A ball python (D:1)
  A bat skeleton (D:7)
  7 giant cockroaches
  4 gnoll zombies (Ossuary)
  8 goblins
  14 hobgoblins
  5 jackals
  5 quokkas
  9 bats
  A giant gecko zombie (D:6)
  3 giant newts
  A goblin zombie (D:4)
  5 hobgoblin zombies (Ossuary)
  A jackal zombie (D:7)
  15 kobolds
  4 kobold zombies
  4 orc zombies (Ossuary)
  A quokka zombie (D:6)
  17 rats
287 creatures vanquished.

Vanquished Creatures (others)
  3 slaves (D:7)
  An adder (D:7)
  A river rat (D:7)
  A bat (D:7)
  A quokka (D:7)
  A giant newt (D:7)
  A rat (D:7)
9 creatures vanquished.

Grand Total: 296 creatures vanquished

Notes
Turn   | Place    | Note
--------------------------------------------------------------
     0 | D:1      | Fluffy, the Hill Orc Fighter, began the quest for the Orb.
     0 | D:1      | Reached XP level 1. HP: 19/19 MP: 1/1
    71 | D:1      | Reached XP level 2. HP: 20/26 MP: 2/2
   282 | D:1      | Reached skill level 4 in Axes
   456 | D:1      | Reached XP level 3. HP: 26/31 MP: 3/3
   933 | D:2      | Reached skill level 5 in Axes
  1282 | D:2      | Reached XP level 4. HP: 37/39 MP: 4/4
  1297 | D:2      | Reached skill level 6 in Axes
  1639 | D:3      | Reached XP level 5. HP: 25/45 MP: 5/5
  1668 | D:3      | Reached skill level 7 in Axes
  2066 | D:3      | Noticed an ice beast
  2075 | D:3      | Killed an ice beast
  2075 | D:3      | Reached skill level 8 in Axes
  2075 | D:3      | Reached XP level 6. HP: 36/51 MP: 6/6
  2264 | D:3      | Noticed Ladykiller69's ghost (average HESk)
  2300 | D:3      | Killed Ladykiller69's ghost
  2420 | D:3      | Reached skill level 9 in Axes
  2619 | D:4      | Noticed Edmund
  2706 | D:4      | Found a sand-covered staircase.
  2714 | Ossuary  | Entered an ossuary
  2776 | Ossuary  | Reached XP level 7. HP: 40/57 MP: 7/7
  2922 | Ossuary  | Reached skill level 10 in Axes
  3006 | Ossuary  | Reached skill level 11 in Axes
  3959 | D:4      | Killed Edmund
  3959 | D:4      | Reached XP level 8. HP: 48/64 MP: 8/8
  4268 | D:4      | Got a steaming spear
  4269 | D:4      | Identified the cursed +2 spear "Zediamiu" {pierce, Str+6 SInv} (You found it on level 4 of the Dungeon)
  4316 | D:5      | Entered Level 5 of the Dungeon
  4451 | D:5      | Reached skill level 12 in Axes
  4674 | D:5      | Found Lodeqa Natav's Distillery.
  4763 | D:5      | Found a basalt altar of Yredelemnul.
  4814 | D:5      | Reached skill level 5 in Fighting
  5343 | D:6      | Found Shrukih's Antique Armour Emporium.
  5404 | D:6      | Reached skill level 5 in Armour
  5739 | D:6      | Reached XP level 9. HP: 70/75 MP: 9/9
  5950 | D:6      | Noticed Blork the orc
  5962 | D:6      | Killed Blork the orc
  6102 | D:6      | Gained mutation: You have large cloven feet. [potion of mutation]
  6102 | D:6      | Gained mutation: You are somewhat resistant to further mutation. [potion of mutation]
  6102 | D:6      | Gained mutation: Your spells are a little easier to cast, but a little less powerful. [potion of mutation]
  6238 | D:7      | Noticed Eustachio
  6239 | D:7      | Noticed Pikel
  6303 | D:7      | Killed Pikel
  6303 | D:7      | Reached skill level 13 in Axes
  6336 | D:7      | Killed Eustachio
  6465 | D:7      | Found Siuvusia's Antique Armour Emporium.
  6782 | D:7      | Found a staircase to the Ecumenical Temple.
  6793 | Temple   | Entered the Ecumenical Temple
  6892 | Temple   | Became a worshipper of Qazlal Stormbringer
  6981 | D:7      | Reached skill level 1 in Invocations
  7192 | D:7      | Noticed Prince Ribbit
  7226 | D:7      | Killed Prince Ribbit
  7386 | D:7      | Gained mutation: You are weak. (Str -2) [potion of mutation]
  7541 | D:7      | Reached XP level 10. HP: 84/88 MP: 14/14
  7657 | D:7      | Found a sparkling altar of Nemelex Xobeh.
  7943 | D:7      | Found a blossoming altar of Fedhas.
  8197 | D:8      | Found Xovuet's Food Boutique.
  8237 | D:8      | Acquired Qazlal's first power
  9073 | D:9      | Reached skill level 5 in Invocations
  9147 | D:9      | Reached skill level 14 in Axes
  9288 | D:9      | Found a shattered altar of Ashenzari.
  9693 | D:10     | Entered Level 10 of the Dungeon
  9702 | D:10     | Found a deep blue altar of Sif Muna.
  9766 | D:10     | Acquired Qazlal's second power
 10061 | D:10     | Found a staircase to the Orcish Mines.
 10145 | D:10     | Noticed a hill giant
 10146 | D:10     | Noticed puimuR's ghost (experienced TrAM)
 10224 | D:9      | Killed a hill giant
 10329 | D:10     | Killed puimuR's ghost
 10329 | D:10     | Reached XP level 11. HP: 47/99 MP: 21/21
 10395 | D:10     | Noticed a hill giant
 10538 | D:10     | Killed a hill giant
 10538 | D:10     | Reached skill level 10 in Fighting
 11147 | D:11     | Noticed Joseph
 11148 | D:11     | Noticed Grum
 11155 | D:11     | Noticed Erica
 11168 | D:11     | Killed Joseph
 11184 | D:11     | Killed Grum
 11186 | D:11     | Killed Erica
 11201 | D:11     | Noticed Nessos
 11220 | D:11     | Slain by a white ugly thing

Action                   |  1- 3 |  4- 6 |  7- 9 | 10-12 || total
-------------------------+-------+-------+-------+-------++-------
Melee: War axe           |   138 |   191 |   467 |    34 ||   830
       Broad axe         |       |       |       |   355 ||   355
Evoke: Wand              |       |       |       |     3 ||     3
  Use: Scroll            |       |     5 |    12 |     9 ||    26
       Potion            |       |       |     2 |     3 ||     5
  Eat: Chunk             |     1 |     5 |    15 |    12 ||    33
       Fruit             |       |       |     2 |       ||     2
